 Dungeon Crawl Stone Soup version 0.31.0-32-g396128a36d (webtiles) character file.

Game seed: 2022352027176910792

56 PaiMei the Grave Robber (level 3, -2/26 HPs)
             Began as a Demonspawn Necromancer on Apr 23, 2024.
             Slain by Ijyb
             ... wielding a +0 dagger
              (5 damage)
             ... on level 3 of the Dungeon.
             The game lasted 00:02:52 (3170 turns).

PaiMei the Grave Robber (Demonspawn Necromancer)    Turns: 3170, Time: 00:02:52

Health: -2/26      AC:  2    Str:  8    XL:     3   Next: 69%
Magic:  0/6        EV: 12    Int: 17    God:
Gold:   96         SH:  0    Dex: 13    Spells: 3/7 levels left

rFire   . . .        g - +0 short sword
rCold   . . .        (no shield)
rNeg    . . .        a - +0 robe
rPois   .            (helmet restricted)
rElec   .            (no cloak)
rCorr   .            (no gloves)
SInv    .            (no boots)
Will    .....        (no amulet)
Stlth   ++           (no ring)
HPRegen 0.24/turn    (no ring)
MPRegen 0.10/turn

%: no passive effects
@: very slightly contaminated
A: antennae 1, sturdy frame 1
a: no special abilities


You were on level 3 of the Dungeon.
You visited 1 branch of the dungeon, and saw 3 of its levels.

You collected 96 gold pieces.

Inventory:

Hand Weapons
 c - a +0 dagger
 g - a +0 short sword (weapon)
Armour
 a - a +0 robe (worn)
 e - a +2 scale mail of willpower
Wands
 i - a wand of digging (7)
Scrolls
 f - a scroll of teleportation {unknown}
 l - a scroll of fear {unknown}
 m - a scroll of noise {unknown}
 n - a scroll of identify {unknown}
Potions
 b - a potion of magic
 d - 2 potions of invisibility {unknown}
 h - 2 potions of degeneration {unknown}
 j - a potion of heal wounds {unknown}
 k - a potion of curing {unknown}


   Skills:
 + Level 1.1 Fighting
 + Level 2.3 Dodging
 - Level 2.0 Stealth
 + Level 2.5 Spellcasting
 + Level 4.8 Necromancy


You had 3 spell levels left.
You knew the following spells:

 Your Spells              Type           Power      Damage    Failure   Level
a - Necrotise             Necr           72%        1d7       2%          1
b - Vampiric Draining     Necr           18%        2d7       8%          3

Your spell library contained the following spells:

 Spells                   Type           Power      Damage    Failure   Level
 Animate Dead             Necr           18%        N/A       26%         4
 Martyr's Knell           Necr/Summ      10%        N/A       56%         4
 Curse of Agony           Necr           18%        N/A       56%         5
 Vhi's Electric Charge    Tloc/Air       4%         N/A       88%         4
 Arcjolt                  Conj/Air       1%         1d11      99%         5
 Plasma Beam              Fire/Air       1%         2x1d11    100%        6


Dungeon Overview and Level Annotations

Branches:
Dungeon (3/15)

Altars:
Makhleb

Annotations:
D:3 Ijyb


Innate Abilities, Weirdness & Mutations

You have a pair of small antennae on your head.
Your movements are slightly less encumbered by armour. (ER -2)


Message History

Press: ? - help, Shift-Dir - straight line, f/p - Ijyb
Aim: Ijyb, wielding a +0 dagger, wearing a +0 leather armour and carrying a wand of flame (moderately wounded, chance to affect: 83%) Ijyb writhes in agony.
Ijyb screams, "Level is mine!
All mine!"
Casting: Necrotise (safe; 2% risk of failure)
Confirm with . or Enter, or press ? or * to list all spells.
Aiming: Necrotise (safe; 2% risk of failure)
Press: ? - help, Shift-Dir - straight line, f/p - Ijyb
Aim: Ijyb, wielding a +0 dagger, wearing a +0 leather armour and carrying a wand of flame (moderately wounded, chance to affect: 83%) Ijyb barely resists.
Ijyb zaps a wand.
The puff of flame hits you.
Casting: Necrotise (safe; 2% risk of failure)
Confirm with . or Enter, or press ? or * to list all spells.
Aiming: Necrotise (safe; 2% risk of failure)
Press: ? - help, Shift-Dir - straight line, f/p - Ijyb
Aim: Ijyb, wielding a +0 dagger, wearing a +0 leather armour and carrying a wand of flame (moderately wounded, chance to affect: 83%) Ijyb barely resists.
Casting: Necrotise (safe; 2% risk of failure)
Confirm with . or Enter, or press ? or * to list all spells.
Aiming: Necrotise (safe; 2% risk of failure)
Press: ? - help, Shift-Dir - straight line, f/p - Ijyb
Aim: Ijyb, wielding a +0 dagger, wearing a +0 leather armour and carrying a wand of flame (moderately wounded, chance to affect: 83%) Ijyb writhes in agony.
Ijyb zaps a wand.
The puff of flame hits you!
* * * LOW HITPOINT WARNING * * *
Casting: Necrotise (safe; 2% risk of failure)
Confirm with . or Enter, or press ? or * to list all spells.
You don't have enough magic to cast this spell.
Casting: Necrotise (safe; 2% risk of failure)
Confirm with . or Enter, or press ? or * to list all spells.
You don't have enough magic to cast this spell.
Casting: Necrotise (safe; 2% risk of failure)
Confirm with . or Enter, or press ? or * to list all spells.
You don't have enough magic to cast this spell.
Casting: Necrotise (safe; 2% risk of failure)
Confirm with . or Enter, or press ? or * to list all spells.
You don't have enough magic to cast this spell.
Casting: Necrotise (safe; 2% risk of failure)
Confirm with . or Enter, or press ? or * to list all spells.
You don't have enough magic to cast this spell.
Ijyb hits you with a +0 dagger.
You die...

####.###
#.##.....##
.....#
#.###...##
######
#.......#
#####.###
#.# #.# #.#
#.#######.#
#....g@..#
#.#########


You could see Ijyb.

Vanquished Creatures
  2 adders (D:3)
  A ribbon worm (D:2)
  2 endoplasms (D:1)
  2 giant cockroaches
  3 goblins
  A hobgoblin (D:1)
  4 jackals (D:1)
  5 kobolds
  7 ball pythons
  3 bats
  2 frilled lizards
  A rat (D:2)
33 creatures vanquished.

Notes
Turn   | Place    | Note
-------+----------+-------------------------------------------
     0 | D:1      | PaiMei the Demonspawn Necromancer began the quest for the
                  | Orb.
     0 | D:1      | Reached XP level 1. HP: 13/13 MP: 3/3
   232 | D:1      | Found a faded altar of an unknown god.
   318 | D:1      | Gained mutation: Your movements are slightly less
                  | encumbered by armour. (ER -2) [demonic ancestry]
   318 | D:1      | Reached XP level 2. HP: 19/19 MP: 3/5
  1522 | D:2      | HP: 1/20 [ribbon worm (7)]
  1831 | D:2      | Gained mutation: You have a pair of small antennae on your
                  | head. [demonic ancestry]
  1831 | D:2      | Reached XP level 3. HP: 25/25 MP: 3/6
  1835 | D:2      | Learned a level 3 spell: Vampiric Draining
  2025 | D:2      | Found a burning altar of Makhleb.
  2571 | D:3      | Reached skill level 1 in Fighting
  3162 | D:3      | Noticed Ijyb
  3170 | D:3      | Slain by Ijyb

Illustrated notes

Levels and vault maps discovered:
D:1:      lightli_arrival_isolated_outpost, layout_loops_ring,
          shapermc_ecumenical_altar_ellora
D:2:      layout_basic, serial_forest, infiniplex_forest_end_2,
          infiniplex_forest_straight_3, infiniplex_forest_pool,
          infiniplex_forest_straight_4, infiniplex_forest_split,
          infiniplex_forest_straight_4, basic_altar
D:3:      minmay_door_path, layout_loops_corners, mainiacjoe_overflow_paths,
          nicolae_wormholes, uniq_ijyb

Skill      XL: |  1  2  3 |
---------------+----------+-----
Dodging        | 2 |  2.3
Stealth        | 2 |  2.0
Fighting       | 1 |  1.1
Spellcasting   | |  2.5
Necromancy     | |  4.8

Action                     || total
---------------------------++-------
  Melee: Dagger            ||    12
         Short sword       ||     6
   Cast: Necrotise         ||    68
 Armour: Robe              ||    20
  Dodge: Dodged            ||    18
